 Dungeon Crawl Stone Soup version 0.20.1-1-g8b1a95d (webtiles) character file.

7983 KromesxD the Cleaver (level 11, 0/101 HPs)
             Began as a Hill Orc Fighter on Dec 2, 2017.
             Was an Elder of Okawaru.
             Slain by a two-headed ogre
             ... wielding a +0 dire flail
              (17 damage)
             ... on level 10 of the Dungeon.
             The game lasted 00:26:03 (12351 turns).

KromesxD the Cleaver (Hill Orc Fighter)            Turns: 12351, Time: 00:26:04

Health: 0/101      AC: 11    Str: 20    XL:     11   Next: 23%
Magic:  11/11      EV:  8    Int:  8    God:    Okawaru [****..]
Gold:   535        SH: 17    Dex: 13    Spells: 10/10 levels left

rFire    + . .     SeeInvis .   a - +0 war axe
rCold    . . .     Gourm    .   c - +0 shield
rNeg     . . .     Faith    .   g - +0 scale mail
rPois    .         Spirit   .   (no helmet)
rElec    .         Reflect  +   (no cloak)
rCorr    .         Harm     .   J - +0 pair of gloves
MR       +....                  A - +0 pair of boots
Stlth    ..........             Q - +5 amulet of reflection
Regen    0.3/turn               E - ring of protection from magic
MPRegen  0.2/turn               X - ring of protection from fire

@: no status effects
A: no striking features
a: Heroism, Renounce Religion


You were on level 10 of the Dungeon.
You worshipped Okawaru.
Okawaru was greatly pleased with you.
You were very hungry.

You visited 2 branches of the dungeon, and saw 11 of its levels.

You collected 535 gold pieces.

Inventory:

Hand Weapons
 a - a +0 war axe (weapon)
Missiles
 k - 5 tomahawks of dispersal (quivered)
Armour
 c - a +0 shield (worn)
 g - a +0 scale mail (worn)
 A - a +0 pair of boots (worn)
 J - a +0 pair of gloves (worn)
Jewellery
 E - a ring of protection from magic (left hand)
 H - an uncursed amulet of regeneration
 Q - a +5 amulet of reflection (around neck)
 W - an uncursed ring of see invisible
 X - a ring of protection from fire (right hand)
Wands
 b - a wand of acid (8/15)
 o - a wand of polymorph (13/24)
 C - a wand of polymorph (15/24)
 L - a wand of iceblast (9/15)
 M - a wand of acid (3/15)
 N - a wand of iceblast (3/15)
 T - a wand of paralysis (15/24)
 Y - a wand of flame (21/48)
Scrolls
 m - 3 scrolls of recharging {unknown}
 n - 7 scrolls of enchant weapon
 p - 3 scrolls of enchant armour {unknown}
 u - 2 scrolls of fog {unknown}
 y - 4 scrolls of remove curse
 D - 2 scrolls of teleportation {unknown}
 G - 2 scrolls of immolation {unknown}
 K - a scroll of torment {unknown}
 O - a scroll of magic mapping {unknown}
 S - a scroll of amnesia {unknown}
 U - 2 scrolls of identify
Potions
 d - 3 potions of might
 e - a potion of heal wounds
 i - a potion of resistance
 j - a potion of lignification
 r - a potion of berserk rage {unknown}
 s - 2 potions of flight {unknown}
 v - a potion of experience {unknown}
 w - a potion of magic {unknown}
 x - a potion of cancellation {unknown}
 z - 7 potions of curing {unknown}
 B - 2 potions of haste {unknown}
 F - 2 potions of mutation {unknown}
 I - a potion of degeneration {unknown}
 R - 2 potions of agility {unknown}
Books
 t - a book of Changes

   Spells                             Type                      Level
   a - Beastly Appendage              Transmutation                1
   b - Sticks to Snakes               Transmutation                2
   c - Spider Form                    Transmutation/Poison         3
   d - Ice Form                       Ice/Transmutation            4
   e - Blade Hands                    Transmutation                5
 P - a book of Misfortune

   Spells                             Type                      Level
   a - Confusing Touch                Hexes                        1
   b - Confuse                        Hexes                        3
   c - Gell's Gravitas                Translocation                3
   d - Petrify                        Transmutation/Earth          4
   e - Metabolic Englaciation         Hexes/Ice                    5
   f - Yara's Violent Unravelling     Hexes/Transmutation          5
 V - a book of Air

   Spells                             Type                      Level
   a - Shock                          Conjuration/Air              1
   b - Swiftness                      Charms/Air                   2
   c - Static Discharge               Conjuration/Air              3
   d - Airstrike                      Air                          4
   e - Lightning Bolt                 Conjuration/Air              5
Comestibles
 f - 4 bread rations
 h - 11 meat rations
 l - 2 fruits
 q - 3 royal jellies


   Skills:
 + Level 10.7 Fighting
 + Level 11.3 Axes
 - Level 10.0 Armour
 - Level 10.0 Shields


You had 10 spell levels left.
You didn't know any spells.

Dungeon Overview and Level Annotations

Branches:
Dungeon (10/15)            Temple (1/1) D:5            Lair (0/6) D:9
    Orc: D:9-12

Altars:
Ashenzari
Cheibriados
Dithmenos
Elyvilon
Fedhas
Gozag
Hepliaklqana
Kikubaaqudgha
Makhleb
Nemelex Xobeh
Okawaru
Qazlal
Ru
Sif Muna
Trog
Uskayaw
Vehumet
Xom
Yredelemnul
Zin
The Shining One

Shops:
D:9 (


Message History

The two-headed ogre hits you with a giant spiked club!
You slash the two-headed ogre!
The two-headed ogre is moderately wounded.
You slash the two-headed ogre!
The two-headed ogre is heavily wounded.
You block the two-headed ogre's attack.
The two-headed ogre hits you with a giant spiked club!!
You hit the two-headed ogre.
The two-headed ogre is severely wounded.
The two-headed ogre hits you with a dire flail!
The two-headed ogre hits you with a giant spiked club!!
* * * LOW HITPOINT WARNING * * *
You are too injured to fight recklessly!
You are too injured to fight recklessly!
You hit the two-headed ogre.
The two-headed ogre is severely wounded.
The two-headed ogre hits you with a dire flail!
* * * LOW HITPOINT WARNING * * *
The two-headed ogre hits you with a giant spiked club!
You die...

##########################
.........<..............#
.......O@..............#
#..#######........###..#
#..# #........# #..#
#..#######...^....###..#
#......................#
#.............)........#
#..#######..####.......#
#..# #..# #.......# #..#
#..# #.......#


You could see a two-headed ogre.

Vanquished Creatures
  The ghost of homeworkjunkie the Cleaver, a journeyman HOFi of Okawaru (D:8)
  2 two-headed ogres
  Pikel (D:7)
  Joseph (D:7)
  A troll (D:9)
  A hornet (D:9)
  Grinder (D:3)
  A hippogriff (D:9)
  Sigmund (D:2)
  A wyvern (D:8)
  A hungry ghost (D:8)
  A water moccasin (D:6)
  3 ice beasts
  2 sky beasts
  An orc warrior (D:6)
  2 necrophages
  3 ogres
  6 centaurs
  Blork the orc (D:4)
  A bullfrog (D:10)
  A wyvern zombie (D:9)
  7 scorpions
  A killer bee (D:5)
  4 howler monkeys (D:7)
  A bullfrog zombie (D:5)
  4 crimson imps
  2 jellies
  3 orc priests
  2 hounds (D:5)
  8 orc wizards
  A gnoll shaman (D:5)
  2 bullfrog skeletons
  Jessica (D:2)
  2 iguanas
  Ijyb (D:5)
  17 worker ants
  A hound zombie (D:7)
  A hound skeleton (D:4)
  A worker ant zombie (D:8)
  A howler monkey zombie (D:7)
  A howler monkey skeleton (D:7)
  14 gnolls
  16 adders
  3 shadow imps
  An adder skeleton (D:8)
  An adder zombie (D:5)
  3 dart slugs
  10 leopard geckos
  36 orcs
  A ball python (D:2)
  13 giant cockroaches
  7 hobgoblins
  13 jackals
  6 quokkas
  11 bats
  5 frilled lizards
  6 goblins
  A jackal skeleton (D:4)
  8 kobolds
  A leopard gecko zombie (D:5)
  7 rats
257 creatures vanquished.

Vanquished Creatures (others)
  A quokka (D:7)
  A fungus (D:6)
2 creatures vanquished.

Grand Total: 259 creatures vanquished

Notes
Turn   | Place    | Note
-------+----------+-------------------------------------------
     0 | D:1      | KromesxD the Hill Orc Fighter began the quest for the Orb.
     0 | D:1      | Reached XP level 1. HP: 19/19 MP: 1/1
    34 | D:1      | Reached skill level 3 in Axes
    74 | D:1      | Reached XP level 2. HP: 27/27 MP: 2/2
   746 | D:1      | Reached XP level 3. HP: 33/33 MP: 3/3
  1105 | D:1      | Reached skill level 4 in Axes
  1251 | D:2      | Reached XP level 4. HP: 39/41 MP: 4/4
  1380 | D:2      | Noticed Jessica
  1382 | D:2      | Killed Jessica
  1382 | D:2      | Reached skill level 5 in Fighting
  1552 | D:2      | Noticed Sigmund
  1567 | D:2      | Killed Sigmund
  1567 | D:2      | Reached skill level 6 in Axes
  1567 | D:2      | Reached XP level 5. HP: 22/50 MP: 5/5
  1567 | D:2      | Reached XP level 6. HP: 25/57 MP: 6/6
  2066 | D:3      | Noticed Grinder
  2074 | D:3      | Paralysed by Grinder for 2 turns
  2078 | D:3      | Killed Grinder
  2078 | D:3      | Reached skill level 7 in Axes
  2078 | D:3      | Reached XP level 7. HP: 51/66 MP: 7/7
  3143 | D:4      | Noticed Blork the orc
  3153 | D:4      | Killed Blork the orc
  3153 | D:4      | Reached skill level 8 in Axes
  3607 | D:4      | Reached XP level 8. HP: 56/74 MP: 8/8
  4423 | D:5      | Entered Level 5 of the Dungeon
  4427 | D:5      | Reached skill level 9 in Axes
  4457 | D:5      | Noticed Ijyb
  4834 | D:5      | Found a staircase to the Ecumenical Temple.
  4840 | Temple   | Entered the Ecumenical Temple
  5058 | Temple   | Became a worshipper of Warmaster Okawaru
  5575 | D:5      | Found a runed door.
  5588 | D:5      | Found a runed door.
  5611 | D:5      | Reached skill level 10 in Axes
  5635 | D:5      | Reached * piety under Okawaru
  5983 | D:5      | Reached skill level 10 in Fighting
  5983 | D:5      | Reached XP level 9. HP: 58/85 MP: 9/9
  6637 | D:5      | Killed Ijyb
  7011 | D:6      | Reached skill level 5 in Shields
  7296 | D:6      | Reached ** piety under Okawaru
  7383 | D:6      | Reached skill level 5 in Armour
  8354 | D:7      | Noticed Joseph
  8374 | D:7      | Reached XP level 10. HP: 43/93 MP: 10/10
  8376 | D:7      | Killed Joseph
  8376 | D:7      | Reached *** piety under Okawaru
  8496 | D:7      | Noticed Pikel
  8851 | D:7      | Killed Pikel
  9720 | D:8      | Received a gift from Okawaru
 10129 | D:8      | Noticed homeworkjunkie's ghost (journeyman HOFi)
 10450 | D:8      | Killed homeworkjunkie's ghost
 10934 | D:9      | Found Bead's Antique Weapon Shoppe.
 10934 | D:9      | Noticed a two-headed ogre
 10944 | D:9      | Killed a two-headed ogre
 10944 | D:9      | Reached **** piety under Okawaru
 11229 | D:9      | Reached skill level 10 in Shields
 11229 | D:9      | Reached XP level 11. HP: 89/99 MP: 11/11
 11356 | D:9      | Reached skill level 10 in Armour
 11397 | D:9      | Paralysed by a hornet for 2 turns
 11808 | D:9      | Reached skill level 11 in Axes
 12054 | D:9      | Found a staircase to the Lair.
 12112 | D:10     | Entered Level 10 of the Dungeon
 12151 | D:10     | Noticed a two-headed ogre
 12161 | D:10     | Killed a two-headed ogre
 12344 | D:10     | Noticed a two-headed ogre
 12351 | D:10     | Slain by a two-headed ogre

Skill      XL: |  1  2  3  4  5  6  7  8  9 10 11 |
---------------+----------------------------------+-----
Axes           | 3 4 6 7 8 10 11 | 11.3
Fighting       | 4 6 7 8 10 | 10.7
Shields        | 7 10 | 10.0
Armour         | 6 9 10 | 10.0

Action                   |  1- 3 |  4- 6 |  7- 9 | 10-12 || total
-------------------------+-------+-------+-------+-------++-------
Melee: War axe           |   102 |    95 |   590 |   276 ||  1063
Invok: Heroism           |       |       |       |     2 ||     2
  Use: Scroll            |       |       |     5 |     2 ||     7
       Potion            |       |       |       |     1 ||     1
  Eat: Chunk             |     1 |     3 |    21 |     4 ||    29
       Bread ration      |       |       |       |     2 ||     2
       Fruit             |       |       |       |     1 ||     1
Armor: Scale mail        |    62 |    54 |   196 |    59 ||   371
Dodge: Dodged            |    35 |    39 |   146 |    64 ||   284
Block: Shield            |    51 |    61 |   273 |   164 ||   549
       Reflection        |       |       |       |     4 ||     4
